 Dungeon Crawl Stone Soup version 0.24-a0-520-g8fd06ad (webtiles) character file.

Game seed: 14691965425973253877

11297 OpMo the Martial Artist (level 11, -2/78 HPs)
             Began as an Octopode Monk on July 23, 2019.
             Was an Elder of Cheibriados.
             Slain by a komodo dragon (31 damage)
             ... on level 1 of the Lair of Beasts.
             The game lasted 00:29:50 (9933 turns).

OpMo the Martial Artist (Octopode Monk)             Turns: 9933, Time: 00:29:50

Health: -2/78      AC:  3    Str: 21    XL:     11   Next: 75%
Magic:  13/18      EV: 18    Int: 23    God:    Cheibriados [****..]
Gold:   691        SH: 14    Dex: 29    Spells: 10/10 levels left

rFire    . . .     SeeInvis .     - Unarmed
rCold    + . .     Gourm    .   A - +2 shield
rNeg     . . .     Faith    .   (helmet restricted)
rPois    .         Spirit   .   (no amulet)
rElec    .         Reflect  .   s - ring of wizardry
rCorr    .         Harm     .   u - ring of protection from cold
MR       +....                  x - ring of flight
Stlth    +++++.....             B - ring of protection from magic
HPRegen  0.23/turn              (no ring)
MPRegen  0.16/turn              (no ring)
                                (no ring)
                                (no ring)

@: very slow
A: almost no armour, stealthy swim, amphibious, 8 rings, constrict 8, molten
scales 1, camouflage 1, agile 1, gelatinous body 1
a: Bend Time, Temporal Distortion, Slouch, Renounce Religion, Evoke Flight


You were on level 1 of the Lair of Beasts.
You worshipped Cheibriados.
Cheibriados was greatly pleased with you.
You were not hungry.

You visited 2 branches of the dungeon, and saw 11 of its levels.

You collected 691 gold pieces.

Inventory:

Hand Weapons
 D - the cursed +0 battleaxe "Tattletale" {chop, +Blink +Inv rF- Int-5, unknown}
   (You found it on level 10 of the Dungeon)

   It inflicts extra damage upon your enemies.
   It affects your intelligence (-5).
   It makes you vulnerable to fire.
   It lets you turn invisible.
   It lets you blink.
   It has a curse placed upon it.
Armour
 A - a +2 shield (worn)
Jewellery
 s - a ring of wizardry (left tentacle)
 u - a ring of protection from cold (right tentacle)
 x - a ring of flight (on tentacle)
 B - a ring of protection from magic (on tentacle)
Wands
 c - a wand of digging (4)
 y - a wand of flame (30)
Scrolls
 f - 2 scrolls of magic mapping
 g - 2 scrolls of immolation {unknown}
 h - a scroll of enchant weapon {unknown}
 k - a scroll of enchant armour {unknown}
 n - 6 scrolls of remove curse
 q - a scroll of torment {unknown}
 w - a scroll of summoning {unknown}
 z - 2 scrolls of fear {unknown}
 C - 2 scrolls of teleportation {unknown}
Potions
 b - 2 potions of heal wounds
 d - a potion of lignification
 e - 6 potions of curing
 i - 4 potions of invisibility
 j - 4 potions of flight
 l - a potion of degeneration {unknown}
 m - 3 potions of mutation
 o - 2 potions of might
 p - a potion of cancellation {unknown}
 r - a potion of ambrosia {unknown}
 t - a potion of brilliance
 v - 2 potions of resistance {unknown}
 E - a potion of haste {unknown}
Miscellaneous
 F - a fan of gales
Comestibles
 a - 14 rations


   Skills:
 + Level 8.7 Fighting
 - Level 6.1 Dodging
 - Level 5.0 Stealth
 + Level 6.8 Shields
 + Level 10.9 Unarmed Combat
 + Level 9.6 Invocations


You had 10 spell levels left.
You didn't know any spells.
Your spell library contained the following spells:

 Spells                   Type           Power        Failure   Level  Hunger
 Sting                    Conj/Pois      #...         17%         1    ##.....
 Poisonous Vapours        Pois/Air       #.....       26%         2    ###....
 Mephitic Cloud           Conj/Pois/Air  #.......     45%         3    ####...
 Olgreb's Toxic Radiance  Pois           #.......     85%         4    #####..
 Venom Bolt               Conj/Pois      #.........   99%         5    ######.


Dungeon Overview and Level Annotations

Branches:
Dungeon (10/15)            Temple (0/1) D:7            Lair (1/6) D:9
    Orc: D:9-12

Altars:
Ashenzari
Cheibriados
Dithmenos
Elyvilon
Fedhas
Hepliaklqana
Qazlal
Ru
Sif Muna
Trog
Vehumet
Wu Jian
Yredelemnul
Zin

Annotations:
D:7 exclusion: downstairs


Innate Abilities, Weirdness & Mutations

You cannot wear most types of armour.
You are very stealthy in the water. (Stealth+)
You are amphibious.
You can wear up to eight rings at the same time.
You can use your tentacles to constrict eight enemies at once.
Your skin changes colour to match your surroundings (Stealth+).
Your rubbery body absorbs attacks. (AC +1, EV +1)
You are partially covered in molten scales. (AC +2)
You are agile. (Dex +2)


Message History

You kill the killer bee!
Cheibriados thoroughly appreciates the change of pace.
The komodo dragon bites you!!
You tentacle-slap the komodo dragon but do no damage.
The komodo dragon bites you!!
You closely miss the komodo dragon.
You squeeze the komodo dragon, but do no damage.
You can feel time thicken for a moment.
You feel somewhat more hungry.
You can no longer step out of the flow of time.
Cheibriados lowers the support of your attributes as your movement quickens.
You block the komodo dragon's attack.
You tentacle-slap the komodo dragon but do no damage.
You tentacle-slap the komodo dragon, but do no damage.
You squeeze the komodo dragon.
The komodo dragon is severely wounded.
You block the komodo dragon's attack.
You tentacle-slap the komodo dragon but do no damage.
The komodo dragon is severely wounded.
The komodo dragon bites you!!
You die...

###..### ####...##
#.####..## ♣♣#
.......#.# ### ###... .
#.......####.###P#..$#..
...................$....
........................
#...##.......##.##.≈≈PP.
....###.........@l.≈≈≈≈.
##### #......#..†#≈≈≈P≈≈
#.##.......# ≈≈≈≈≈
########....# ≈≈≈P
##.### ≈≈≈ ### ≈≈ ≈


You could see a komodo dragon.

Vanquished Creatures
  A hydra (D:10)
  A centaur warrior (D:10)
  An unseen horror (D:10)
  A deep elf mage (D:10)
  Joseph (D:8)
  2 komodo dragons
  A hornet (D:10)
  A troll (D:10)
  2 wyverns
  3 yaks (D:8)
  A vampire mosquito (D:10)
  2 steam dragons
  A porcupine (Lair:1)
  5 water moccasins
  2 orc warriors
  4 sky beasts
  3 black bears
  2 ogres
  A necrophage (D:8)
  A phantom (D:5)
  2 centaurs
  A crocodile (Lair:1)
  2 big kobolds
  9 bullfrogs
  A gnoll sergeant (D:8)
  A scorpion (D:10)
  45 killer bees
  3 wights (D:10)
  5 howler monkeys
  4 electric eels (D:10)
  A crimson imp (D:5)
  2 bullfrog zombies
  4 orc priests
  3 bullfrog skeletons
  4 hounds
  11 orc wizards
  6 iguanas
  Natasha (thrice) (D:3)
  10 worker ants
  A worker ant zombie (D:7)
  13 adders
  2 howler monkey skeletons
  6 gnolls
  2 shadow imps
  2 oozes
  An adder zombie (D:9)
  7 worms
  A dart slug (D:2)
  8 leopard geckos
  30 orcs
  4 bats
  7 giant cockroaches
  12 goblins
  5 hobgoblins
  14 jackals
  2 quokkas
  6 frilled lizards
  A jackal skeleton (D:4)
  14 kobolds
  A quokka zombie (D:5)
  7 rats
299 creatures vanquished.

Vanquished Creatures (others)
  A plant (D:9)
1 creature vanquished.

Grand Total: 300 creatures vanquished

Notes
Turn   | Place    | Note
-------+----------+-------------------------------------------
     0 | D:1      | OpMo the Octopode Monk began the quest for the Orb.
     0 | D:1      | Reached XP level 1. HP: 16/16 MP: 1/1
   105 | D:1      | Reached XP level 2. HP: 10/21 MP: 2/2
   281 | D:2      | Found a shadowy altar of Dithmenos.
   309 | D:2      | Found a snail-covered altar of Cheibriados.
   320 | D:2      | Became a worshipper of Cheibriados the Contemplative
   320 | D:2      | Reached * piety under Cheibriados
   320 | D:2      | Reached ** piety under Cheibriados
   573 | D:2      | Reached XP level 3. HP: 15/26 MP: 3/3
   874 | D:1      | Reached skill level 4 in Unarmed Combat
   986 | D:1      | Reached XP level 4. HP: 26/31 MP: 4/4
  1440 | D:2      | Reached *** piety under Cheibriados
  1595 | D:3      | Found a stormy altar of Qazlal.
  1612 | D:3      | Noticed Natasha
  1618 | D:3      | Killed Natasha
  1618 | D:3      | Reached XP level 5. HP: 35/36 MP: 5/5
  1681 | D:3      | Noticed Natasha
  1690 | D:3      | Killed Natasha
  1725 | D:3      | Found a glowing silver altar of Zin.
  1768 | D:3      | Found a bloodstained altar of Trog.
  1777 | D:3      | Found a shattered altar of Ashenzari.
  1822 | D:3      | Reached skill level 5 in Unarmed Combat
  1889 | D:3      | Noticed Natasha
  1905 | D:3      | Killed Natasha
  1997 | D:3      | Reached XP level 6. HP: 43/43 MP: 6/6
  2161 | D:3      | Reached **** piety under Cheibriados
  2288 | D:4      | Reached skill level 5 in Stealth
  2318 | D:4      | Reached skill level 1 in Invocations
  2470 | D:4      | Found a white marble altar of Elyvilon.
  2649 | D:4      | Reached XP level 7. HP: 48/48 MP: 8/8
  2851 | D:4      | Reached skill level 6 in Unarmed Combat
  3224 | D:4      | Gained mutation: You are partially covered in molten
                  | scales. (AC +2) [potion of mutation]
  3224 | D:4      | Gained mutation: You are agile. (Dex +2) [potion of
                  | mutation]
  3247 | D:5      | Entered Level 5 of the Dungeon
  3526 | D:5      | Found a blossoming altar of Fedhas.
  3640 | D:5      | Found a sacrificial altar of Ru.
  3652 | D:5      | Reached ***** piety under Cheibriados
  3699 | D:5      | Reached XP level 8. HP: 54/54 MP: 10/10
  3796 | D:5      | HP: 2/54 [phantom (9)]
  3810 | D:5      | Reached skill level 7 in Unarmed Combat
  4300 | D:6      | Reached skill level 5 in Dodging
  4307 | D:6      | Reached skill level 8 in Unarmed Combat
  4318 | D:6      | Reached XP level 9. HP: 22/59 MP: 12/12
  4646 | D:6      | Found a hazy altar of Hepliaklqana.
  4794 | D:6      | Found a basalt altar of Yredelemnul.
  5054 | D:7      | Reached skill level 5 in Invocations
  5071 | D:7      | Found an ornate altar of the Wu Jian Council.
  5454 | D:7      | Found a staircase to the Ecumenical Temple.
  5686 | D:8      | Reached skill level 9 in Unarmed Combat
  5959 | D:8      | Found a deep blue altar of Sif Muna.
  6042 | D:8      | Reached skill level 5 in Fighting
  6139 | D:8      | Noticed Joseph
  6149 | D:8      | Reached skill level 1 in Shields
  6155 | D:8      | Killed Joseph
  6155 | D:8      | Reached XP level 10. HP: 8/68 MP: 8/15
  7061 | D:9      | Found a staircase to the Lair.
  7246 | D:9      | Found a radiant altar of Vehumet.
  7550 | D:10     | Entered Level 10 of the Dungeon
  7555 | D:10     | Noticed a centaur warrior
  7578 | D:10     | Noticed a four-headed hydra
  7586 | D:10     | Killed a four-headed hydra
  7872 | D:10     | Got a fine battleaxe
  7885 | D:10     | Killed a centaur warrior
  7885 | D:10     | Reached skill level 5 in Shields
  7885 | D:10     | Reached skill level 10 in Unarmed Combat
  7887 | D:10     | Reached XP level 11. HP: 21/75 MP: 12/17
  8486 | D:10     | Noticed a deep elf mage
  8492 | D:10     | Killed a deep elf mage
  8611 | D:10     | Killed an unseen horror
  9239 | Lair:1   | Entered Level 1 of the Lair of Beasts
  9933 | Lair:1   | Slain by a komodo dragon

Levels and vault maps discovered:
D:1:      co_arrival_random_square_maze, layout_basic
D:2:      layout_rooms, cheibriados_altar_1, grunt_dithmenos_smoke
D:3:      layout_basic, minitemple, overflow_temple_1_default, first_ration,
          kennysheep_generic_room_15, uniq_natasha
D:4:      layout_basic, elyvilon_altar_4
D:5:      layout_rooms, fedhas_altar_2, lemuel_crystal_altar,
          kennysheep_small_square
D:6:      layout_loops_ring, kennysheep_mini_moat,
          nicolae_overflow_crystal_walls, serial_park_tiny_1
D:7:      layout_basic, lemuel_doored_altar, minmay_temple_entry_mini_moons,
          serial_corexii_hall, corexii_hall_statues_l, corexii_hall_statues_s,
          corexii_hall_statues_l
D:8:      layout_cave_pods, overflow_temple_1_default, uniq_joseph
D:9:      lemuel_ice_spiral_2, layout_basic, vehumet_altar_wand_db,
          david_lair_shrubbed
D:10:     cheibrodos_elevator_heist, layout_basic
Lair:1:   wad_woods_minihive, layout_misc_corridors,
          chequers_serial_rivers_room_b, beast_lair_carwin_4,
          serial_bayou_shore_a

Skill      XL: |  1  2  3  4  5  6  7  8  9 10 11 |
---------------+----------------------------------+-----
Stealth        | 3 4 5 |  5.0
Unarmed Combat | 4 5 6 8 9 10 | 10.9
Invocations    | 1 3 4 6 8 9 |  9.6
Fighting       | 4 5 7 8 |  8.7
Dodging        | 4 5 6 |  6.1
Shields        | 2 5 6 |  6.8

Action                   |  1- 3 |  4- 6 |  7- 9 | 10-12 || total
-------------------------+-------+-------+-------+-------++-------
Melee: Unarmed           |    68 |   102 |   193 |   206 ||   569
       Constrict         |    23 |    34 |    53 |    51 ||   161
       Tentacles         |    12 |    29 |    73 |    80 ||   194
       Punch             |     2 |     7 |    29 |    28 ||    66
Invok: Bend Time         |     1 |       |       |       ||     1
       Slouch            |       |       |     2 |    10 ||    12
       Temporal Distorti |       |       |       |     1 ||     1
  Use: Scroll            |       |       |     8 |     2 ||    10
       Potion            |       |       |     5 |     1 ||     6
 Stab: Sleeping          |     8 |    21 |    18 |     8 ||    55
       Distracted        |       |       |     3 |       ||     3
  Eat: Chunk             |       |     2 |     6 |     5 ||    13
       Ration            |       |       |       |     1 ||     1
Armor: Skin              |     7 |       |     9 |    24 ||    40
Dodge: Dodged            |    35 |    56 |   119 |   112 ||   322
Block: Shield            |       |       |     8 |   157 ||   165

Table legend:
 A = Non-vault XP
 B = Vault XP
 C = Vault XP percentage of total XP
 D = Non-vault monster count
 E = Vault monster count
 F = Vault count percentage of total count
                 A         B        C        D         E       F
            +---------+---------+-------+---------+---------+-------
      Total |   10840 |    5299 |  32.8 |     253 |      46 |  15.4
            +---------+---------+-------+---------+---------+-------
        D:1 |      60 |       0 |   0.0 |      24 |       0 |   0.0
        D:2 |      82 |       0 |   0.0 |      25 |       0 |   0.0
        D:3 |     141 |      42 |  23.0 |      20 |       3 |  13.0
        D:4 |     566 |       0 |   0.0 |      24 |       0 |   0.0
        D:5 |     310 |     229 |  42.5 |      18 |       2 |  10.0
        D:6 |     923 |       0 |   0.0 |      22 |       0 |   0.0
        D:7 |     841 |       0 |   0.0 |      24 |       0 |   0.0
        D:8 |    1690 |     445 |  20.8 |      26 |       1 |   3.7
        D:9 |    1385 |     374 |  21.3 |      23 |       2 |   8.0
       D:10 |    3970 |    2241 |  36.1 |      42 |       6 |  12.5
     Lair:1 |     872 |    1968 |  69.3 |       5 |      32 |  86.5
            +---------+---------+-------+---------+---------+-------
